TOP OF THE 1ST |
Pittsburgh Kingfishers batting - Pitching for Long Island Lighthouse : RHP Mike Bennett
|
Pitching: RHP Mike Bennett
|
|
Batting: RHB Alohinani Puanani
|
0-0: Called Strike 0-1: Foul Ball, location: 2F 0-2: Ball 1-2: Foul Ball, location: 2F 1-2: Ball 2-2: Ball 3-2: Strikes out swinging
|
Batting: LHB Kyung-chul Son
|
0-0: Called Strike 0-1: Swinging Strike 0-2: Ball 1-2: Ball 2-2: Ball 3-2: Ground out 4-3 (Groundball, 4, EV 89.4 MPH)
|
Batting: LHB Gustavo Gonzáles
|
0-0: Fly out, F7 (Flyball, 7LMF, EV 85.6 MPH)
|
Top of the 1st over - 0 runs, 0 hits, 0 errors, 0 left on base; Pittsburgh 0 - Long Island 0 |
BOTTOM OF THE 1ST |
Long Island Lighthouse batting - Pitching for Pittsburgh Kingfishers : LHP Wes Johnston
|
Pitching: LHP Wes Johnston
|
|
Batting: LHB Jorge Napolez
|
0-0: Fly out, F4 (Popup, 3D, EV 63.1 MPH)
|
Batting: RHB Muneyaki Hayashi
|
0-0: Called Strike 0-1: Swinging Strike 0-2: Strikes out looking
|
Batting: RHB Jonas van Claveren
|
0-0: Called Strike 0-1: Ball 1-1: Ball 2-1: Ball 3-1: Base on Balls
|
Batting: RHB Bang-xao Li
|
0-0: Ball 1-0: Ball 2-0: Called Strike 2-1: SINGLE (Line Drive, 56D, EV 108.1 MPH) Jonas van Claveren to second
|
Batting: RHB Niek Bendt
|
0-0: Foul Ball, location: 2F 0-1: Fly out, F7 (Flyball, 7, EV 85.0 MPH)
|
Bottom of the 1st over - 0 runs, 1 hit, 0 errors, 2 left on base; Pittsburgh 0 - Long Island 0 |
TOP OF THE 2ND |
Pittsburgh Kingfishers batting - Pitching for Long Island Lighthouse : RHP Mike Bennett
|
Batting: LHB Martín Flores
|
0-0: Ball 1-0: Foul Ball, location: 2F 1-1: Foul Ball, location: 2F 1-2: Ball 2-2: Ball 3-2: Foul Ball, location: 2F 3-2: Foul Ball, location: 2F 3-2: Foul Ball, location: 2F 3-2: SINGLE (Groundball, 34D, EV 101.2 MPH)
|
Batting: RHB Luis Pamparacuatro
|
0-0: Foul Ball, location: 2F 0-1: Called Strike 0-2: Fly out, F8 (Line Drive, 8RM, EV 88.8 MPH)
|
Batting: LHB Wing-kit Ou-yang
|
0-0: Ball 1-0: Called Strike 1-1: Called Strike 1-2: Ball 2-2: Fielders Choice at 2nd, 1-4 (Groundball, 15, EV 71.9 MPH)
|
Batting: LHB Todd Hunter
|
0-0: Swinging Strike 0-1: 2-RUN HOME RUN (Flyball, 9LD, EV 93.1 MPH), Distance : 348 ft
|
Batting: SHB Senthamilselvi Manohoran
|
0-0: Called Strike 0-1: Ground out 6-3 (Groundball, 6M, EV 105.6 MPH)
|
Top of the 2nd over - 2 runs, 2 hits, 0 errors, 0 left on base; Pittsburgh 2 - Long Island 0 |
BOTTOM OF THE 2ND |
Long Island Lighthouse batting - Pitching for Pittsburgh Kingfishers : LHP Wes Johnston
|
Batting: RHB William Kirkland
|
0-0: Fly out, F7 (Line Drive, 7, EV 101.9 MPH)
|
Batting: SHB Mark Thomas
|
0-0: Ball 1-0: Fly out, F9 (Flyball, 89D, EV 101.9 MPH)
|
Batting: RHB Vicente Gallegos
|
0-0: Ball 1-0: Called Strike 1-1: Called Strike 1-2: Foul Ball, location: 2F 1-2: Ground out 4-3 (Groundball, 4M, EV 89.4 MPH)
|
Bottom of the 2nd over - 0 runs, 0 hits, 0 errors, 0 left on base; Pittsburgh 2 - Long Island 0 |
TOP OF THE 3RD |
Pittsburgh Kingfishers batting - Pitching for Long Island Lighthouse : RHP Mike Bennett
|
Batting: RHB Bastien Oudin
|
0-0: Ball 1-0: Foul Ball, location: 2F 1-1: Foul Ball, location: 2F 1-2: Ground out 5-3 (Groundball, 5, EV 85.6 MPH)
|
Batting: RHB Alohinani Puanani
|
0-0: Ball 1-0: Ball 2-0: Ball 3-0: Called Strike 3-1: Foul Ball, location: 2F 3-2: Fly out, F3 (Popup, 3S, EV 66.9 MPH)
|
Batting: LHB Kyung-chul Son
|
0-0: Called Strike 0-1: Called Strike 0-2: SINGLE (Line Drive, 9S, EV 100.0 MPH)
|
Batting: LHB Gustavo Gonzáles
|
0-0: Ball 1-0: Called Strike 1-1: Ball 2-1: Foul Ball, location: 2F 2-2: SINGLE (Groundball, 56D, EV 99.4 MPH) Kyung-chul Son to second
|
Batting: LHB Martín Flores
|
0-0: Called Strike 0-1: Ball 1-1: Swinging Strike 1-2: Ball 2-2: Ball 3-2: Fly out, F9 (Flyball, 9D, EV 95.0 MPH)
|
Top of the 3rd over - 0 runs, 2 hits, 0 errors, 2 left on base; Pittsburgh 2 - Long Island 0 |
BOTTOM OF THE 3RD |
Long Island Lighthouse batting - Pitching for Pittsburgh Kingfishers : LHP Wes Johnston
|
Batting: RHB Barend Huijbregts
|
0-0: Ball 1-0: Foul Ball, location: 2F 1-1: Ball 2-1: Fly out, F9 (Flyball, 9S, EV 83.1 MPH)
|
Batting: LHB Jorge Napolez
|
0-0: Ball 1-0: Foul Ball, location: 2F 1-1: Called Strike 1-2: Ball 2-2: Ground out U3 (Groundball, 3, EV 80.6 MPH)
|
Pitching: LHP Eugene Kelly
|
|
Batting: RHB Muneyaki Hayashi
|
0-0: Ball 1-0: Called Strike 1-1: Called Strike 1-2: Ball 2-2: Fly out, F4 (Popup, 4MD, EV 68.1 MPH)
|
Bottom of the 3rd over - 0 runs, 0 hits, 0 errors, 0 left on base; Pittsburgh 2 - Long Island 0 |
TOP OF THE 4TH |
Pittsburgh Kingfishers batting - Pitching for Long Island Lighthouse : RHP Mike Bennett
|
Batting: RHB Luis Pamparacuatro
|
0-0: Ball 1-0: Ball 2-0: Ball 3-0: SINGLE (Groundball, 6MD, EV 99.4 MPH)
|
Batting: LHB Wing-kit Ou-yang
|
0-0: Ball 1-0: SINGLE (Groundball, 4MD, EV 100.6 MPH) Luis Pamparacuatro to second
|
Batting: LHB Todd Hunter
|
0-0: Ball 1-0: Called Strike 1-1: Fielders Choice at 2nd, 4-6 (Groundball, 4M, EV 97.5 MPH) Luis Pamparacuatro to third
|
Batting: SHB Senthamilselvi Manohoran
|
0-0: Swinging Strike 0-1: Ball 1-1: Called Strike 1-2: Ball 2-2: Strikes out swinging
|
Batting: RHB Bastien Oudin
|
0-0: Fielders Choice at 2nd, 5-4 (Groundball, 56, EV 88.8 MPH)
|
Top of the 4th over - 0 runs, 2 hits, 0 errors, 2 left on base; Pittsburgh 2 - Long Island 0 |
BOTTOM OF THE 4TH |
Long Island Lighthouse batting - Pitching for Pittsburgh Kingfishers : LHP Eugene Kelly
|
Batting: RHB Jonas van Claveren
|
0-0: Foul Ball, location: 2F 0-1: Ball 1-1: Ball 2-1: Ball 3-1: Called Strike 3-2: Foul Ball, location: 2F 3-2: Fly out, F7 (Line Drive, 7, EV 86.2 MPH)
|
Batting: RHB Bang-xao Li
|
0-0: Ball 1-0: Called Strike 1-1: Ball 2-1: SINGLE (Groundball, 6MD, EV 105.0 MPH)
|
Batting: RHB Niek Bendt
|
0-0: Foul Ball, location: 2F 0-1: Ball 1-1: Swinging Strike 1-2: Ball 2-2: Fly out, F9 (Flyball, 89M, EV 78.8 MPH)
|
Batting: RHB William Kirkland
|
0-0: Foul Ball, location: 2F 0-1: Ball 1-1: Called Strike 1-2: Ball 2-2: Ball 3-2: Fly out, F8 (Flyball, 8LD, EV 94.4 MPH)
|
Bottom of the 4th over - 0 runs, 1 hit, 0 errors, 1 left on base; Pittsburgh 2 - Long Island 0 |
TOP OF THE 5TH |
Pittsburgh Kingfishers batting - Pitching for Long Island Lighthouse : RHP Mike Bennett
|
Batting: RHB Alohinani Puanani
|
0-0: Ground out 6-3 (Groundball, 6, EV 89.4 MPH)
|
Batting: LHB Kyung-chul Son
|
0-0: Ball 1-0: Foul Ball, location: 2F 1-1: Foul Ball, location: 2F 1-2: Fly out, F8 (Flyball, 8RXD, EV 85.6 MPH)
|
Batting: LHB Gustavo Gonzáles
|
0-0: Foul Ball, location: 2F 0-1: Swinging Strike 0-2: Foul Ball, location: 2F 0-2: Ball 1-2: Fly out, F7 (Line Drive, 7D, EV 83.8 MPH)
|
Top of the 5th over - 0 runs, 0 hits, 0 errors, 0 left on base; Pittsburgh 2 - Long Island 0 |
BOTTOM OF THE 5TH |
Long Island Lighthouse batting - Pitching for Pittsburgh Kingfishers : LHP Eugene Kelly
|
Batting: SHB Mark Thomas
|
0-0: Called Strike 0-1: Ground out 1-3 (Groundball, 15, EV 68.8 MPH)
|
Batting: RHB Vicente Gallegos
|
0-0: Foul Ball, location: 2F 0-1: Ball 1-1: Foul Ball, location: 2F 1-2: Foul Ball, location: 2F 1-2: Strikes out swinging, 2-3 out at first.
|
Batting: RHB Barend Huijbregts
|
0-0: DOUBLE (Flyball, 8RD, EV 96.2 MPH)
|
Batting: LHB Jorge Napolez
|
0-0: Ball 1-0: Foul Ball, location: 2F 1-1: Ball 2-1: Ball 3-1: Fly out, F8 (Flyball, 8LXD, EV 104.4 MPH)
|
Bottom of the 5th over - 0 runs, 1 hit, 0 errors, 1 left on base; Pittsburgh 2 - Long Island 0 |
TOP OF THE 6TH |
Pittsburgh Kingfishers batting - Pitching for Long Island Lighthouse : RHP Mike Bennett
|
Batting: LHB Martín Flores
|
0-0: Ball 1-0: Ball 2-0: Ball 3-0: Foul Ball, location: 2F 3-1: Called Strike 3-2: Strikes out swinging
|
Batting: RHB Luis Pamparacuatro
|
0-0: Swinging Strike 0-1: Swinging Strike 0-2: Ball 1-2: Ground out 5-3 (Groundball, 56S, EV 89.4 MPH)
|
Now at 3B: Robert Rodríguez
|
|
Batting: LHB Wing-kit Ou-yang
|
0-0: Called Strike 0-1: Ball 1-1: Ball 2-1: SINGLE (Flyball, 89S, EV 87.5 MPH)
|
Batting: LHB Todd Hunter
|
0-0: Foul Ball, location: 2F 0-1: Ball 1-1: Called Strike 1-2: Foul Ball, location: 2F 1-2: Foul Ball, location: 2F 1-2: SINGLE (Groundball, 56S, EV 68.8 MPH) (infield hit) Wing-kit Ou-yang to second
|
Batting: SHB Senthamilselvi Manohoran
|
0-0: Ball 1-0: Foul Ball, location: 2F 1-1: Called Strike 1-2: Ball 2-2: Strikes out swinging
|
Top of the 6th over - 0 runs, 2 hits, 0 errors, 2 left on base; Pittsburgh 2 - Long Island 0 |
BOTTOM OF THE 6TH |
Long Island Lighthouse batting - Pitching for Pittsburgh Kingfishers : LHP Eugene Kelly
|
Batting: RHB Muneyaki Hayashi
|
0-0: Ball 1-0: Called Strike 1-1: Foul Ball, location: 2F 1-2: Ball 2-2: Ball 3-2: Base on Balls
|
Batting: RHB Jonas van Claveren
|
0-0: Called Strike 0-1: Ball 1-1: Foul Ball, location: 2F 1-2: Foul Ball, location: 2F 1-2: Ball 2-2: Foul Ball, location: 2F 2-2: Strikes out swinging
|
Pitching: RHP Renault Daddi
|
|
Batting: RHB Robert Rodríguez
|
0-0: Called Strike Muneyaki Hayashi is caught stealing 2nd base 2-4 0-1: Ball 1-1: Ball 2-1: Ground out 5-3 (Groundball, 56, EV 88.8 MPH)
|
Bottom of the 6th over - 0 runs, 0 hits, 0 errors, 0 left on base; Pittsburgh 2 - Long Island 0 |
TOP OF THE 7TH |
Pittsburgh Kingfishers batting - Pitching for Long Island Lighthouse : RHP Mike Bennett
|
Pitching: RHP Marvin Stevens
|
|
Batting: RHB Bastien Oudin
|
0-0: Called Strike 0-1: SINGLE (Groundball, 6M, EV 86.2 MPH) (infield hit)
|
Batting: RHB Alohinani Puanani
|
0-0: Ball 1-0: Ball 2-0: Ball 3-0: SINGLE (Groundball, 6D, EV 104.4 MPH) Bastien Oudin to second
|
Batting: LHB Kyung-chul Son
|
0-0: Sac Bunt to 13 - play at first, batter OUT! 1-3 Bastien Oudin to third Alohinani Puanani to second
|
Batting: LHB Gustavo Gonzáles
|
0-0: Foul Ball, location: 2F 0-1: Foul Ball, location: 2F 0-2: Ball 1-2: Fly out, F8 (Flyball, 8RM, EV 85.0 MPH)
|
Batting: LHB Martín Flores
|
0-0: Swinging Strike 0-1: TRIPLE (Line Drive, 78XD, EV 106.2 MPH) Bastien Oudin scores Alohinani Puanani scores
|
Batting: RHB Luis Pamparacuatro
|
0-0: Called Strike 0-1: Foul Ball, location: 2F 0-2: Ball 1-2: Ball 2-2: Ball 3-2: Fly out, F8 (Flyball, 8RM, EV 83.8 MPH)
|
Top of the 7th over - 2 runs, 3 hits, 0 errors, 1 left on base; Pittsburgh 4 - Long Island 0 |
BOTTOM OF THE 7TH |
Long Island Lighthouse batting - Pitching for Pittsburgh Kingfishers : RHP Renault Daddi
|
Batting: RHB Niek Bendt
|
0-0: Called Strike 0-1: Fly out, F9 (Flyball, 9D, EV 96.9 MPH)
|
Batting: RHB William Kirkland
|
0-0: Ball 1-0: Ball 2-0: Ground out 6-3 (Groundball, 6, EV 81.2 MPH)
|
Batting: SHB Mark Thomas
|
0-0: Ball 1-0: Called Strike 1-1: Swinging Strike 1-2: Ball 2-2: SINGLE (Groundball, 34D, EV 102.5 MPH)
|
Batting: RHB Vicente Gallegos
|
0-0: Ball 1-0: Fly out, F8 (Line Drive, 8RD, EV 93.8 MPH)
|
Bottom of the 7th over - 0 runs, 1 hit, 0 errors, 1 left on base; Pittsburgh 4 - Long Island 0 |
TOP OF THE 8TH |
Pittsburgh Kingfishers batting - Pitching for Long Island Lighthouse : RHP Marvin Stevens
|
Batting: LHB Wing-kit Ou-yang
|
0-0: Ball 1-0: Swinging Strike 1-1: Called Strike 1-2: Strikes out looking
|
Batting: LHB Todd Hunter
|
0-0: Swinging Strike 0-1: Ball 1-1: Ball 2-1: Called Strike 2-2: Strikes out swinging
|
Batting: SHB Senthamilselvi Manohoran
|
0-0: Foul Ball, location: 2F 0-1: Ball 1-1: Foul Ball, location: 2F 1-2: Ball 2-2: DOUBLE (Line Drive, 5D, EV 95.0 MPH)
|
Batting: RHB Bastien Oudin
|
0-0: Ball 1-0: Swinging Strike 1-1: Foul Ball, location: 2F 1-2: Ground out 5-3 (Groundball, 56, EV 88.1 MPH)
|
Top of the 8th over - 0 runs, 1 hit, 0 errors, 1 left on base; Pittsburgh 4 - Long Island 0 |
BOTTOM OF THE 8TH |
Long Island Lighthouse batting - Pitching for Pittsburgh Kingfishers : RHP Renault Daddi
|
Batting: RHB Barend Huijbregts
|
0-0: Called Strike 0-1: Ball 1-1: Ball 2-1: Ball 3-1: Swinging Strike 3-2: Foul Ball, location: 2F 3-2: Foul Ball, location: 2F 3-2: Strikes out swinging
|
Batting: LHB Jorge Napolez
|
0-0: Ball 1-0: Ball 2-0: Swinging Strike 2-1: Called Strike 2-2: Ball 3-2: Base on Balls
|
Batting: RHB Muneyaki Hayashi
|
0-0: Foul Ball, location: 2F 0-1: Ball 1-1: Ball 2-1: DOUBLE (Flyball, 8LXD, EV 105.0 MPH) Jorge Napolez to third
|
Batting: RHB Jonas van Claveren
|
0-0: Ball 1-0: Foul Ball, location: 2F 1-1: Ball 2-1: Foul Ball, location: 2F 2-2: Foul Ball, location: 2F 2-2: Foul Ball, location: 2F 2-2: Ball 3-2: Foul Ball, location: 2F 3-2: Foul Ball, location: 2F 3-2: Base on Balls
|
Pitching: RHP Cipriano Rosas
|
|
Batting: RHB Robert Rodríguez
|
0-0: Fly out, F3 (Popup, 3SF, EV 83.8 MPH)
|
Batting: RHB Niek Bendt
|
0-0: Called Strike 0-1: Foul Ball, location: 2F 0-2: Ball 1-2: Ball 2-2: Strikes out swinging
|
Bottom of the 8th over - 0 runs, 1 hit, 0 errors, 3 left on base; Pittsburgh 4 - Long Island 0 |
TOP OF THE 9TH |
Pittsburgh Kingfishers batting - Pitching for Long Island Lighthouse : RHP Marvin Stevens
|
Pitching: RHP Wilson Tamayo
|
|
Batting: RHB Alohinani Puanani
|
0-0: Called Strike 0-1: Swinging Strike 0-2: Ball 1-2: Strikes out swinging
|
Batting: LHB Kyung-chul Son
|
0-0: Ball 1-0: Ball 2-0: Ball 3-0: Called Strike 3-1: Foul Ball, location: 2F 3-2: Strikes out swinging
|
Batting: LHB Gustavo Gonzáles
|
0-0: Fly out, F8 (Flyball, 89M, EV 85.6 MPH)
|
Top of the 9th over - 0 runs, 0 hits, 0 errors, 0 left on base; Pittsburgh 4 - Long Island 0 |
BOTTOM OF THE 9TH |
Long Island Lighthouse batting - Pitching for Pittsburgh Kingfishers : RHP Cipriano Rosas
|
Batting: RHB William Kirkland
|
0-0: Ball 1-0: Ball 2-0: Ball 3-0: Base on Balls
|
Batting: SHB Mark Thomas
|
0-0: Ball 1-0: Ball 2-0: Foul Ball, location: 2F 2-1: Ball 3-1: Base on Balls William Kirkland to second
|
Pinch Hitting: LHB Jared Schneider
|
0-0: Ball 1-0: Ball 2-0: Foul Ball, location: 2F 2-1: Ball 3-1: Base on Balls William Kirkland to third Mark Thomas to second
|
Pinch Hitting: LHB Tokaji Mizuno
|
0-0: Called Strike 0-1: Foul Ball, location: 2F 0-2: Ball 1-2: Strikes out looking
|
Batting: LHB Jorge Napolez
|
0-0: Reached on error, E3 (Groundball, 34, EV 91.9 MPH) William Kirkland scores Mark Thomas to third Jared Schneider to second
|
Batting: RHB Muneyaki Hayashi
|
0-0: Ball 1-0: Called Strike 1-1: Foul Ball, location: 2F 1-2: Ball 2-2: Foul Ball, location: 2F 2-2: Strikes out looking
|
Pitching: RHP Luis Boll
|
|
Now at 2B: Bastien Oudin
|
|
Now at 3B: Stanley Good
|
|
Batting: RHB Jonas van Claveren
|
0-0: Called Strike 0-1: Called Strike 0-2: Ball 1-2: Ball 2-2: Fielders Choice at 2nd, U6 (Groundball, 6M, EV 85.0 MPH)
|
Bottom of the 9th over - 1 run, 0 hits, 1 error, 3 left on base; Pittsburgh 4 - Long Island 1 |
|